 Dungeon Crawl Stone Soup version 0.18-a0-1203-gbde16db (webtiles) character file.

284 Herrn the Vexing (level 6, 21/46 HPs)
             Began as a Formicid Enchanter on Feb 1, 2016.
             Quit the game on level 4 of the Dungeon.
             The game lasted 00:12:56 (3904 turns).

Herrn the Vexing (Formicid Enchanter)               Turns: 3904, Time: 00:12:56

Health: 21/46      AC:  4    Str: 13    XL:     6   Next: 54%
Magic:  10/10      EV: 13    Int: 16    God:
Gold:   225        SH:  0    Dex: 11    Spells: 1 memorised, 10 levels left

rFire  . . .     SeeInvis +     e - +1 dagger (venom)
rCold  . . .     Gourm    .     b - +1 robe
rNeg   . . .     Faith    .     (no shield)
rPois  .         Spirit   .     (helmet unavailable)
rElec  .         Dismiss  .     f - +0 cloak
rCorr  .         Reflect  .     (no gloves)
SustAt .         Harm     .     (no boots)
MR     .....                    (no amulet)
Stlth  ++........               (no ring)
                                (no ring)

@: drained, not resistant to hostile enchantments, unstealthy
A: permanent stasis, dig shafts and tunnels, four strong arms, antennae 3
a: Dig, Shaft Self


You were on level 4 of the Dungeon.
You were not hungry.

You visited 1 branch of the dungeon, and saw 4 of its levels.

You collected 225 gold pieces.

Inventory:

Hand Weapons
 e - a +1 dagger of venom (weapon)
Armour
 a - a +1 scale mail of cold resistance
 b - a +1 robe (worn)
 f - a +0 cloak (worn)
 t - a +0 chain mail
 E - a +3 scale mail
Wands
 o - a wand of polymorph (7/24)
Scrolls
 h - 2 scrolls of random uselessness {unknown}
 i - 3 scrolls of remove curse {unknown}
 j - 3 scrolls of enchant armour {unknown}
 l - a scroll of teleportation {unknown}
 q - a scroll of amnesia {unknown}
 r - a scroll of recharging {unknown}
 s - a scroll of immolation {unknown}
 v - 2 scrolls of identify {unknown}
 x - a scroll of noise {unknown}
 y - a scroll of magic mapping {unknown}
 A - 2 scrolls of fog {unknown}
 F - a scroll of fear {unknown}
 H - a scroll of enchant weapon {unknown}
Potions
 g - 2 potions of curing {unknown}
 u - a potion of cancellation {unknown}
 w - a potion of agility
 z - a potion of berserk rage {unknown}
 D - a potion of brilliance {unknown}
 G - a potion of resistance {unknown}
Books
 c - a book of Maledictions

   Spells                             Type                      Level
   a - Corona                         Hexes                        1
   b - Ensorcelled Hibernation        Hexes/Ice                    2
   c - Confuse                        Hexes                        3
   d - Tukima's Dance                 Hexes                        3
   e - Dazzling Spray                 Conjuration/Hexes            3
 p - a Necronomicon

   Spells                             Type                      Level
   a - Haunt                          Necromancy/Summoning         7
   b - Borgnjor's Revivification      Necromancy                   8
   c - Death's Door                   Charms/Necromancy            8
   d - Necromutation                  Transmutation/Necromancy     8
 C - a book of Dreams

   Spells                             Type                      Level
   a - Ensorcelled Hibernation        Hexes/Ice                    2
   b - Phase Shift                    Translocation                5
   c - Silence                        Hexes/Air                    5
   d - Darkness                       Hexes                        6
   e - Mass Confusion                 Hexes                        6
   f - Shadow Creatures               Summoning                    6
Comestibles
 d - 3 bread rations
 k - 3 meat rations
 m - 2 slices of pizza
 n - 15 fruits
 B - a royal jelly


   Skills:
 * Level 2.4(1.7) Fighting
 + Level 1.7(1.0) Short Blades
 + Level 4.3(3.6) Dodging
 - Level 3.6(2.9) Stealth
 + Level 3.0(2.3) Spellcasting
 + Level 4.4(3.7) Hexes


You had 10 spell levels left.
You knew the following spells:

 Your Spells              Type           Power        Failure   Level  Hunger
a - Corona                Hex            ##.....      6%          1    #......


Dungeon Overview and Level Annotations

Branches:
Dungeon (4/15)
 Temple: D:4-7

Altars:
Elyvilon
Kikubaaqudgha
Pakellas
Sif Muna

Shops:
D:4 }=%


Innate Abilities, Weirdness & Mutations

You are under a permanent stasis effect.
You can dig through walls and to a lower floor.
Your four strong arms can wield two-handed weapons with a shield.
You have a pair of large antennae on your head (SInv).


Message History

an uncursed dagger of draining; an uncursed hunting sling; 14 stones
Items here: ( )) †† 2 stones; a dagger; a club; a goblin corpse; a hobgoblin corpse Butcher a goblin corpse? [(y)es/(c)hoosy/(n)o/(a)ll/(e)dible/(q)uit/?]
You butcher the goblin corpse.
You butcher the hobgoblin corpse.
Unknown command.
Eat a chunk of flesh? (ye/n/q/i?) This raw flesh tastes terrible.
You are feeling very hungry.
You continue eating. x2
Eat one of 2 chunks of flesh? (ye/n/q/i?) This raw flesh tastes terrible.
You continue eating. x2
Okay, then.
Unknown command.
Items here: )))) [[ †
Okay, then.
Unknown command.
Are you sure you want to abandon this character and quit the game? (Confirm with "yes".)

#gg. #.###.###.# #...+
#{{{ #.# #.# #.# #...#
#.g.###'###.###'###....
#...'.............'....
#....##+###.###'###...#
#...#.#.# #.# #.# #....
#>..##..###.# #.# #....
#...#.#...+.+ ..# #....
#...##@#### ### #....
#...###(# #.###
#..†##.####+# #..
#...).......$. ..
#.....#.......
#.....#....... ......
#.....##...... ......
##########+### #...###
#.....####...#..


There were no monsters in sight!

Vanquished Creatures
  A giant frog skeleton (D:4)
  2 hounds (D:4)
  Terence (D:3)
  Robin (D:4)
  8 adders
  An ooze (D:4)
  2 worms (D:3)
  2 giant geckos
  3 giant cockroaches
  14 hobgoblins
  9 jackals
  3 quokkas
  A ball python (D:2)
  7 bats
  3 giant newts (D:3)
  14 goblins
  5 kobolds
  6 rats
83 creatures vanquished.

Notes
Turn   | Place    | Note
--------------------------------------------------------------
     0 | D:1      | Herrn the Formicid Enchanter began the quest for the Orb.
     0 | D:1      | Reached XP level 1. HP: 13/13 MP: 3/3
   453 | D:2      | Reached XP level 2. HP: 20/20 MP: 5/5
   718 | D:2      | Found an ancient bone altar of Kikubaaqudgha.
   731 | D:2      | Reached XP level 3. HP: 11/25 MP: 6/6
   985 | D:2      | Reached skill level 4 in Hexes
  1296 | D:2      | Reached XP level 4. HP: 23/31 MP: 6/8
  1407 | D:2      | Found a deep blue altar of Sif Muna.
  1407 | D:2      | Found an oddly glowing altar of Pakellas.
  1408 | D:2      | Found a white marble altar of Elyvilon.
  1775 | D:2      | Reached skill level 1 in Fighting
  2323 | D:3      | Reached XP level 5. HP: 37/37 MP: 9/9
  2368 | D:3      | Noticed Terence
  2389 | D:3      | Killed Terence
  2901 | D:4      | Reached XP level 6. HP: 22/44 MP: 8/10
  3071 | D:4      | Found Nuohevur's Food Shoppe.
  3461 | D:4      | Found Huanobagh's Jewellery Emporium.
  3574 | D:4      | Found Ziraw's Gadget Shoppe.
  3821 | D:4      | Noticed Robin
  3859 | D:4      | Killed Robin
  3904 | D:4      | Quit the game

Vault maps used:
D:1:      roderic_crop_circles_arrival_small
D:2:      nicolae_overflow_hidden_temple, gammafunk_temple_overflow_claw,
          first_bread, amalloy_card_club
D:3:      kennysheep_boxes, uniq_terence
D:4:      serial_glass, glass_columns_a, glass_columns_b,
          minmay_strange_pillars, minmay_strange_pillars,
          minmay_strange_pillars, feat_on_display, serial_shops, shop, shop,
          shop_coins, nicolae_shop_crystal, kennysheep_mini,
          grunt_decor_one_mirror, dk_vineyard_2, minmay_door_square,
          minmay_misc_feat_plants, minivault_27, minmay_misc_feat_room,
          uniq_robin

Action                   |  1- 3 |  4- 6 || total
-------------------------+-------+-------++-------
Melee: Dagger            |   103 |   240 ||   343
 Cast: Corona            |     1 |     5 ||     6
 Abil: Dig               |     4 |     2 ||     6
 Stab: Sleeping          |     4 |     4 ||     8
       Distracted        |       |     1 ||     1
  Eat: Chunk             |     1 |     7 ||     8
       Beef jerky        |       |     1 ||     1
       Fruit             |       |     1 ||     1
